 Dungeon Crawl Stone Soup version 0.25-a0-420-g1cc7eeb0d1 (console) character file.

Game seed: 3304239730071362626, levelgen mode: deterministic

49 AlterAsc the Insei (level 3, 0/24 HPs)
             Began as an Octopode Transmuter on Jan 18, 2020.
             Succumbed to an adder's poison
             ... on level 2 of the Dungeon.
             The game lasted 00:04:22 (1604 turns).

AlterAsc the Insei (Octopode Transmuter)            Turns: 1604, Time: 00:04:22

Health: 0/24       AC:  1    Str:  8 (10) XL:     3   Next: 75%
Magic:  2/6        EV: 13    Int: 13 (15) God:
Gold:   54         SH:  0    Dex: 11 (12) Spells: 0/6 levels left

rFire    . . .     SeeInvis .     - Unarmed
rCold    . . .     Gourm    .   (no shield)
rNeg     . . .     Faith    +   (helmet restricted)
rPois    .         Spirit   .   g - amulet of faith
rElec    .         Reflect  .   (no ring)
rCorr    .         Harm     .   (no ring)
MR       .....                  (no ring)
Stlth    ++........             (no ring)
HPRegen  0.08/turn              (no ring)
MPRegen  0.10/turn              (no ring)
                                (no ring)
                                (no ring)

@: lethally poisoned (0 -> -13), very slightly contaminated
A: almost no armour, stealthy swim, amphibious, 8 rings, constrict 8, camouflage
1, gelatinous body 1
a: no special abilities


You were on level 2 of the Dungeon.
You were hungry.

You visited 1 branch of the dungeon, and saw 2 of its levels.

You collected 54 gold pieces.

Inventory:

Missiles
 a - 46 arrows
Jewellery
 g - an amulet of faith (around mantle)
Scrolls
 b - a scroll of amnesia {unknown}
 e - 3 scrolls of remove curse {unknown}
 f - a scroll of enchant weapon {unknown}
 i - a scroll of identify {unknown}
Comestibles
 c - 4 rations
 h - 3 chunks of flesh


   Skills:
 + Level 1.6 Fighting
 - Level 2.0 Dodging
 + Level 3.3 Unarmed Combat
 + Level 2.3 Spellcasting
 * Level 2.9 Transmutations


You couldn't memorise any spells.
You knew the following spells:

 Your Spells              Type           Power        Failure   Level  Hunger
a - Beastly Appendage     Tmut           #.....       8%          1    #......
b - Sticks to Snakes      Tmut           #.......     11%         2    ###....
c - Spider Form           Tmut/Pois      #.........   38%         3    ###....

Your spell library contained the following spells:

 Spells                   Type           Power        Failure   Level  Hunger
 Ice Form                 Ice/Tmut       #.......     80%         4    #####..
 Blade Hands              Tmut           #.........   90%         5    ######.


Dungeon Overview and Level Annotations

Branches:
Dungeon (2/15)

Altars:

Annotations:
D:2 Terence


Innate Abilities, Weirdness & Mutations

You cannot wear most types of armour.
You are very stealthy in the water. (Stealth+)
You are amphibious.
You can wear up to eight rings at the same time.
You can use your tentacles to constrict eight enemies at once.
Your skin changes colour to match your surroundings (Stealth+).
Your rubbery body absorbs attacks. (AC +1, EV +1)


Message History

You feel sick. The adder bites you.
* * * LOW HITPOINT WARNING * * *
You are more poisoned.
The adder poisons you!
You barely miss the adder. You squeeze the adder.
The adder is heavily wounded.
You constrict the adder.
* * * LOW HITPOINT WARNING * * *
You feel sick. The adder barely misses you.
Some of the chunks of flesh in your inventory have rotted away.
It was a potion of degeneration.
There was something very wrong with that liquid.
You feel weakened.
You feel dopey.
You feel clumsy.
You constrict the adder.
* * * LOW HITPOINT WARNING * * *
You feel sick. The adder barely misses you. The adder misses you.
You release your grip on the adder.
* * * LOW HITPOINT WARNING * * *
You feel sick.
You die...

>############ #.##.##.#
...........######.##)##.#
#....≈≈......≈.........#
#.≈..≈≈≈≈.@≈≈.##.##.##.#
#≈.≈≈≈≈≈≈≈≈≈..##.##.##.#
#≈≈≈≈≈≈≈≈≈≈≈.≈##....†..#
#≈.≈≈≈≈≈≈≈≈†..#####.####
###≈?≈≈≈.♣≈≈KS..#####)#
##..≈≈≈≈≈♣_.≈≈≈.@......#
(..(..≈≈≈≈..≈≈≈≈.#####.#
......≈≈≈≈≈≈≈≈≈........#
#.#.≈.≈≈≈≈≈≈≈≈≈≈.#######
....≈≈≈≈≈≈≈≈≈≈≈.≈#
.S...≈≈≈≈.≈≈.≈.≈.#
.....≈≈.....≈≈.≈.#
....##########.### .#..#
#.#


You could see Terence, an adder and a kobold.

Vanquished Creatures
  An adder (D:2)
  An ooze (D:1)
  A worm (D:2)
  2 dart slugs (D:2)
  A giant cockroach (D:1)
  A goblin (D:2)
  5 hobgoblins
  3 bats (D:1)
  A frilled lizard (D:2)
  5 kobolds
  9 rats
30 creatures vanquished.

Notes
Turn   | Place    | Note
-------+----------+-------------------------------------------
     0 | D:1      | AlterAsc the Octopode Transmuter began the quest for the
                  | Orb.
     0 | D:1      | Reached XP level 1. HP: 13/13 MP: 3/3
   285 | D:1      | Reached XP level 2. HP: 13/18 MP: 5/5
   289 | D:1      | Learned a level 2 spell: Sticks to Snakes
  1119 | D:2      | Noticed Terence
  1143 | D:2      | Reached XP level 3. HP: 10/23 MP: 6/6
  1325 | D:2      | Learned a level 3 spell: Spider Form
  1444 | D:2      | Found a faded altar of an unknown god.
  1603 | D:2      | HP: 1/24 [poisoned by an adder]
  1604 | D:2      | Succumbed to an adder's poison

Levels and vault maps discovered:
D:1:      dpeg_arrival_boxorama, layout_basic
D:2:      layout_loops_ring, first_ration, chequers_ecumenical_altar_island,
          uniq_terence, uniq_sigmund

Action                   || total
-------------------------++-------
Melee: Unarmed           ||    63
       Constrict         ||    20
       Tentacles         ||    14
       Kick              ||    13
 Cast: Beastly Appendage ||    17
  Use: Potion            ||     1
 Stab: Sleeping          ||     5
  Eat: Chunk             ||     2
Armor: Skin              ||     4
Dodge: Dodged            ||    37

Table legend:
 A = Non-vault XP
 B = Vault XP
 C = Vault XP percentage of total XP
 D = Non-vault monster count
 E = Vault monster count
 F = Vault count percentage of total count
                 A         B        C        D         E       F
            +---------+---------+-------+---------+---------+-------
      Total |      70 |       0 |   0.0 |      30 |       0 |   0.0
            +---------+---------+-------+---------+---------+-------
        D:1 |      31 |       0 |   0.0 |      17 |       0 |   0.0
        D:2 |      39 |       0 |   0.0 |      13 |       0 |   0.0
            +---------+---------+-------+---------+---------+-------
